 Dungeon Crawl Stone Soup version 0.29.0-5-ge4962eb29e (webtiles) character file.

Game seed: 13546324029595980518

478 diana the Insei (level 7, -3/45 (46) HPs)
             Began as an Octopode Transmuter on Aug 28, 2022.
             Was an Initiate of Gozag.
             Slain by a wight
             ... wielding a +5 war axe
              (11 damage)
             ... on level 4 of the Dungeon.
             The game lasted 00:05:49 (3700 turns).

diana the Insei (Octopode Transmuter)               Turns: 3700, Time: 00:05:50

HP:   -3/45 (46)    AC:  2    Str:  9    XL:     7   Next: 11%
MP:   4/11          EV: 19    Int: 18    God:    Gozag
Gold: 415           SH:  0    Dex: 17    Spells: 6/12 levels left

rFire   . . .      SeeInvis .     - Unarmed
rCold   . . .      Faith    .   (shield currently unavailable)
rNeg    + . .      Spirit   .   (helmet currently unavailable)
rPois   x          Reflect  .   (no amulet)
rElec   .          Harm     .   l - ring of positive energy
rCorr   .          Rampage  .   (no ring)
Will    .....                   (no ring)
Stlth   ++........              (no ring)
HPRegen 0.15/turn               (no ring)
MPRegen 0.12/turn               (no ring)
                                (no ring)
                                (no ring)

@: spider-form, lightly drained
A: venomous fangs, almost no armour, (amphibious), 8 rings, tiny, (camouflage
1), (gelatinous body 1), (nimble swimmer 1), (tentacles)
a: End Transformation, Renounce Religion, Potion Petition, Call Merchant, Bribe
Branch


You were on level 4 of the Dungeon.
You worshipped Gozag.
Gozag was aware of your devotion.
You were a venomous arachnid creature.
You visited 1 branch of the dungeon, and saw 4 of its levels.

You collected 494 gold pieces.
You paid 79 gold pieces to Gozag.

Inventory:

Jewellery
 l - a ring of positive energy (left front leg)
Wands
 q - a wand of roots (5)
Scrolls
 c - 2 scrolls of fog {unknown}
 d - 4 scrolls of teleportation {unknown}
 h - a scroll of torment {unknown}
 i - a scroll of poison {unknown}
 k - a scroll of amnesia {unknown}
 n - 4 scrolls of identify {unknown}
 o - 4 scrolls of vulnerability {unknown}
Potions
 a - 3 potions of lignification
 b - 2 potions of invisibility {unknown}
 e - 2 potions of curing {unknown}
 f - 2 potions of attraction {unknown}
 g - a potion of mutation {unknown}
 j - a potion of cancellation {unknown}
 m - a potion of heal wounds {unknown}
 p - a potion of degeneration {unknown}
 r - a potion of ambrosia {unknown}
 s - a potion of brilliance {unknown}


   Skills:
 * Level 3.2 Fighting
 + Level 2.5 Dodging
 + Level 2.6 Stealth
 + Level 4.3 Unarmed Combat
 + Level 3.2 Spellcasting
 * Level 4.1 Transmutations
 + Level 1.0 Poison Magic


You had 6 spell levels left.
You knew the following spells:

 Your Spells              Type           Power      Damage    Failure   Level
a - Beastly Appendage     Tmut           34%        N/A       11%         1
b - Wereblood             Tmut           17%        N/A       13%         2
c - Spider Form           Tmut/Pois      12%        N/A       36%         3

Your spell library contained the following spells:

 Spells                   Type           Power      Damage    Failure   Level
 Ice Form                 Ice/Tmut       10%        N/A       77%         4


Dungeon Overview and Level Annotations

Branches:
Dungeon (4/15)             Temple (0/1) D:4

Altars:
Gozag
Vehumet


Innate Abilities, Weirdness & Mutations

You are a venomous arachnid creature.
You have poisonous fangs.
You are tiny and dextrous.
Your spellcasting is less reliable in this form.
Your armour is entirely melded.
You are incapable of wielding weapons or throwing items.
You cannot wear most types of armour.
((You are amphibious.))
You can wear up to eight rings at the same time.
((Your skin changes colour to match your surroundings (Stealth+).))
((Your rubbery body absorbs attacks. (AC +1, EV +1)))
((You are camouflaged when in or above water. (Stealth+)))
((You have tentacles for arms and can constrict up to eight enemies at once.))


Message History

Your transformation is almost over.
You start resting.
You hiss as the wereblood boils in your veins!
You start resting.
You hiss as the wereblood boils in your veins!
Your transformation has ended.
Casting: Spider Form (dangerous; 17% risk of failure)
Confirm with . or Enter, or press ? or * to list all spells.
You turn into a venomous arachnid creature.
Your primal bloodlust is almost over.
You open the door. The wight hits you with a +5 war axe!
There is an open door here.
You bite the wight!
The wight is moderately damaged.
You hiss as the wereblood boils in your veins!
The wight hits you with a +5 war axe!!
You are too injured to fight recklessly!
You are too injured to fight recklessly!
You are too injured to fight recklessly!
You hit the wight.
The wight is heavily damaged.
You hiss as the wereblood boils in your veins!
You hit the wight.
The wight is severely damaged.
The wight closely misses you.
You barely miss the wight.
The wight is severely damaged.
Your primal bloodlust has ended.
The wight hits you with a +5 war axe!
* * * LOW HITPOINT WARNING * * *
You partially resist.
You feel drained.
* * * LOW HITPOINT WARNING * * *
There is an open door, spattered with blood here.
Things that are here:
a +0 club; a +0 club; a +0 club The wight attacks as you move away!
The wight completely misses you. The wight attacks as you move away!
The wight hits you with a +5 war axe!
You die...
Your body crumbles into a pile of gold.

#.. #....# #.. #....####.. #####
###### #....#.... ##.#"#####....#
#....>.... ##.##+#...).##.#
#......... #####..#..#...#z##.#
##........ .......#..'...#.s..#
#.........
.......###########'#####.........
.......#......#.....#............
#####..#.#..#.#.#^#.#............
#.##......#.....#............
#.##......#.#.#.#............
#.##.#..#.'..)..#..>.........
#.........#######............
##############............>.#


You could see a wight.

Vanquished Creatures
  Grinder (D:3)
  A black bear (D:4)
  An orc wizard (D:4)
  3 gnolls (D:4)
  5 adders
  3 worms
  A dart slug (D:3)
  3 orcs (D:4)
  8 ball pythons
  6 endoplasms
  3 giant cockroaches
  9 goblins
  8 hobgoblins
  2 jackals (D:2)
  4 quokkas
  8 bats
  2 frilled lizards (D:1)
  12 kobolds
  6 rats
86 creatures vanquished.

Notes
Turn   | Place    | Note
-------+----------+-------------------------------------------
     0 | D:1      | diana the Octopode Transmuter began the quest for the Orb.
     0 | D:1      | Reached XP level 1. HP: 13/13 MP: 3/3
   123 | D:1      | Reached XP level 2. HP: 18/18 MP: 3/5
   126 | D:1      | Learned a level 2 spell: Wereblood
   502 | D:1      | Reached XP level 3. HP: 23/23 MP: 2/6
   507 | D:1      | Reached skill level 1 in Stealth
  1450 | D:2      | Found a faded altar of an unknown god.
  1508 | D:2      | Reached XP level 4. HP: 28/29 MP: 7/7
  1808 | D:3      | Learned a level 3 spell: Spider Form
  1970 | D:3      | Found a radiant altar of Vehumet.
  1995 | D:3      | Noticed Grinder
  2282 | D:3      | Paralysed by Grinder for 5 turns
  2391 | D:3      | Killed Grinder
  2392 | D:3      | Reached XP level 5. HP: 35/35 MP: 5/9
  2392 | D:3      | Reached XP level 6. HP: 41/41 MP: 5/10
  2632 | D:3      | Found an opulent altar of Gozag.
  2659 | D:3      | Became a worshipper of Gozag Ym Sagoz the Greedy
  3555 | D:4      | Found a staircase to the Ecumenical Temple.
  3610 | D:4      | Noticed a black bear
  3620 | D:4      | Killed a black bear
  3621 | D:4      | Reached skill level 1 in Poison Magic
  3621 | D:4      | Reached XP level 7. HP: 44/46 MP: 6/11
  3700 | D:4      | Slain by a wight

Illustrated notes

Levels and vault maps discovered:
D:1:      spicycebolla_arrival_risky_transporter, layout_rooms,
          minmay_misc_feat_encased, due_unseen_surprise
D:2:      layout_basic, ebering_ecumenical_altar_mist
D:3:      layout_loops_ring, amcnicky_altar_gilded, nicolae_vehumet_radiance,
          uniq_grinder
D:4:      minmay_clustersquares, layout_layer_cave, minmay_temple_entry_glass

Skill      XL: |  1  2  3  4  5  6 |
---------------+-------------------+-----
Stealth        | 1 2 |  2.6
Fighting       | 2 3 |  3.2
Unarmed Combat | 4 |  4.3
Transmutations | 3 4 |  4.1
Spellcasting   | 3 |  3.2
Poison Magic   | 1 |  1.0
Dodging        | |  2.5

Action                   |  1- 3 |  4- 6 |  7- 9 || total
-------------------------+-------+-------+-------++-------
Melee: Unarmed           |    80 |    95 |    12 ||   187
       Constrict         |    23 |    22 |       ||    45
       Kick              |    19 |    25 |       ||    44
       Tentacles         |    16 |    14 |       ||    30
       Punch             |     2 |       |       ||     2
 Cast: Beastly Appendage |    24 |    25 |       ||    49
       Wereblood         |     2 |     3 |     1 ||     6
       Spider Form       |       |     7 |     3 ||    10
 Stab: Sleeping          |     7 |     7 |       ||    14
Armor: Skin              |     8 |     4 |       ||    12
Dodge: Dodged            |    47 |    50 |     4 ||   101
